 Dungeon Crawl Stone Soup version 0.30-a0-937-ga0a21ad780 (webtiles) character file.

Game seed: 218037905880123787

47 Iniera the Twirler (level 3, -11/21 HPs)
             Began as a Tengu Gladiator on Mar 25, 2023.
             Mangled by a gnoll
             ... wielding a +0 flail
              (12 damage)
             ... on level 2 of the Dungeon.
             The game lasted 00:01:04 (1033 turns).

Iniera the Twirler (Tengu Gladiator)                Turns: 1033, Time: 00:01:06

Health: -11/21     AC:  3    Str: 16    XL:     3   Next: 70%
Magic:  4/4        EV: 12    Int:  8    God:
Gold:   102        SH:  0    Dex: 15    Spells: 2/2 levels left

rFire   . . .      SeeInvis .    m - +0 whip (elec)
rCold   . . .      Faith    +    (no shield)
rNeg    + . .      Spirit   .    b - +0 leather armour
rPois   .          Reflect  .    c - +0 hat
rElec   .          Rampage  .    (no cloak)
rCorr   .                        (no gloves)
Will    .....                    (boots unavailable)
Stlth   +                        g - amulet of faith
HPRegen 0.23/turn                h - ring of positive energy
MPRegen 0.09/turn                (no ring)

@: no status effects
A: beak, talons 3
a: no special abilities


You were on level 2 of the Dungeon.
You visited 1 branch of the dungeon, and saw 2 of its levels.

You collected 102 gold pieces.

Inventory:

Hand Weapons
 a - a +0 quarterstaff
 m - a +0 whip of electrocution (weapon)
Missiles
 d - 3 throwing nets (quivered)
 e - a javelin
Armour
 b - a +0 leather armour (worn)
 c - a +0 hat (worn)
Jewellery
 g - an amulet of faith (around neck)
 h - a ring of positive energy (left hand)
 n - a ring of magical power
Scrolls
 f - a scroll of amnesia {unknown}
 i - 3 scrolls of identify {unknown}
 j - a scroll of blinking {unknown}
 k - a scroll of noise {unknown}
 l - a scroll of teleportation {unknown}


   Skills:
 - Level 2.0 Fighting
 * Level 1.2(3.2) Maces & Flails
 - Level 4.7(4.9) Staves
 - Level 2.0 Throwing
 - Level 3.2 Dodging


You had 2 spell levels left.
You didn't know any spells.
Your spell library was empty.

Dungeon Overview and Level Annotations

Branches:
Dungeon (2/15)

Altars:


Innate Abilities, Weirdness & Mutations

You have a beak for a mouth.
You have claws for feet.


Message History

You kill the kobold!
No target in view!
No target in view!
No target in view!
Things that are here:
a +0 short sword; 5 stones A gnoll comes into view.
It is wielding a +0 flail.
The gnoll shouts!
A gnoll comes into view. It is wielding a +0 spear.
There are monsters nearby!
A gnoll comes into view. It is wielding a +0 flail.
The gnoll shouts! x2
The gnoll hits you with a +0 flail.
You hit the gnoll. You claw the gnoll.
The gnoll is severely wounded.
The gnoll closely misses you.
You hit the gnoll. Your kick misses the gnoll.
The gnoll is almost dead.
The gnoll hits you with a +0 flail!
You completely miss the gnoll. You claw the gnoll.
You kill the gnoll!
Your base Maces & Flails skill increases to level 1!
The gnoll hits you with a +0 flail.
The gnoll hits you from afar with a +0 spear!
* * * LOW HITPOINT WARNING * * *
You see here a +0 flail.
You are too injured to fight recklessly!
You are too injured to fight recklessly!
You are too injured to fight recklessly!
You are too injured to fight recklessly!
You are too injured to fight recklessly!
You are too injured to fight recklessly!
You are too injured to fight recklessly!
You hit the gnoll but do no damage. Your kick misses the gnoll.
Your peck misses the gnoll.
The gnoll hits you from afar with a +0 spear.
* * * LOW HITPOINT WARNING * * *
The gnoll hits you with a +0 flail!
Ouch! That really hurt!
You die...

##.#.# #.... ##...##
..... #... ##.†# #...# #
#...# ##########.#.#.#
##)<.#####......@g......#
#........)....####g##....
#...>#####)##.# .# #
......####.##.# .#
..........<##.# .#
......#######.# .#
#...### #.. .# #...# ###
.# ##.##


You could see 2 gnolls.

Vanquished Creatures
  A gnoll (D:2)
  6 ball pythons (D:1)
  2 bats (D:1)
  4 endoplasms (D:1)
  5 goblins (D:1)
  4 hobgoblins (D:1)
  5 kobolds
  2 quokkas (D:1)
  4 frilled lizards (D:1)
  2 rats
35 creatures vanquished.

Notes
Turn   | Place    | Note
-------+----------+-------------------------------------------
     0 | D:1      | Iniera the Tengu Gladiator began the quest for the Orb.
     0 | D:1      | Reached XP level 1. HP: 12/12 MP: 2/2
   156 | D:1      | Reached XP level 2. HP: 9/14 MP: 3/3
   160 | D:1      | Reached skill level 4 in Staves
   435 | D:1      | Reached XP level 3. HP: 19/19 MP: 4/4
  1032 | D:2      | Reached skill level 1 in Maces & Flails
  1033 | D:2      | HP: 1/21 [gnoll/+0 spear (2)]
  1033 | D:2      | Mangled by a gnoll

Illustrated notes

Levels and vault maps discovered:
D:1:      dpeg_arrival_arbitrary_c, layout_basic
D:2:      minmay_razor_zed, layout_loops_ring, basic_altar

Skill      XL: |  1  2  3 |
---------------+----------+-----
Staves         | 4 |  4.7
Maces & Flails | 1 |  1.2
Fighting       | |  2.0
Throwing       | |  2.0
Dodging        | |  3.2

Action                     || total
---------------------------++-------
  Melee: Quarterstaff      ||    59
         Kick              ||    17
         Peck              ||     6
         Whip              ||    12
   Stab: Sleeping          ||     3
 Armour: Leather armour    ||     9
  Dodge: Dodged            ||    45

Table legend: (Time is in decaauts)
 A = Elapsed time spent in this place.
 B = Non-inter-level travel time spent in this place.
 C = Inter-level travel time spent in this place.
 D = Time resting spent in this place.
 E = Time spent auto-exploring this place.
 F = Levels seen in this place.
 G = Mean time per level.
                   A        B        C        D        E       F      G
               +--------+--------+--------+--------+--------+-----+--------+
         Total |   1036 |    989 |     47 |      0 |    792 |   2 |  518.0 |
       Dungeon |   1036 |    989 |     47 |      0 |    792 |   2 |  518.0 |
               +--------+--------+--------+--------+--------+-----+--------+

Top non-repeatable levels by time:
     D:1: 975 daAuts
     D:2: 61 daAuts
